 Dungeon Crawl Stone Soup version 0.25.1-2-g60ff931df9 (webtiles) character file.

Game seed: 2807801133503812652

4583 H0rd4k the Covert (level 10, -2/63 HPs)
             Began as an Octopode Transmuter on July 29, 2020.
             Was an Initiate of Gozag.
             Slain by a wolf (4 damage)
             ... on level 10 of the Dungeon.
             The game lasted 00:23:51 (12806 turns).

H0rd4k the Covert (Octopode Transmuter)            Turns: 12806, Time: 00:23:51

Health: -2/63      AC:  1    Str:  9    XL:     10   Next: 41%
Magic:  19/19      EV: 15    Int: 19    God:    Gozag
Gold:   393        SH:  0    Dex: 13    Spells: 11/22 levels left

rFire    + + .     SeeInvis .     - Unarmed
rCold    x x .     Gourm    .   (shield currently unavailable)
rNeg     . . .     Faith    .   n - +0 hat
rPois    .         Spirit   .   B - amulet of magic regeneration
rElec    .         Reflect  .   h - ring of fire (curse)
rCorr    .         Harm     .   j - ring of fire
MR       .....                  J - ring of wizardry
Stlth    +++++.....             (no ring)
HPRegen  0.20/turn              (no ring)
MPRegen  0.41/turn              (no ring)
                                (no ring)
                                (no ring)

@: blade tentacles (expiring), berserk cooldown
A: almost no armour, stealthy swim, amphibious, 8 rings, constrict 8, camouflage
1, gelatinous body 1
a: End Transformation, Potion Petition, Call Merchant, Bribe Branch, Renounce
Religion


You were on level 10 of the Dungeon.
You worshipped Gozag.
Gozag was aware of your devotion.
You were not hungry.
You had blades for tentacles.
You visited 2 branches of the dungeon, and saw 11 of its levels.

You collected 1100 gold pieces.
You spent 633 gold pieces at shops.
You paid 74 gold pieces to Gozag.

Inventory:

Hand Weapons
 v - the +7 dagger of Cejuog (melded) {vorpal, Str+3 Int+3}
   (You found it on level 7 of the Dungeon)

   It inflicts extra damage upon your enemies.
   It affects your strength (+3).
   It affects your intelligence (+3).
Missiles
 a - 129 arrows
 k - 14 boomerangs
 u - 4 atropa-tipped darts
 E - 4 javelins (quivered)
 G - 18 poisoned darts
Armour
 n - a +0 hat (worn)
Magical Staves
 C - an uncursed staff of death
Jewellery
 e - an uncursed amulet of faith
 h - a cursed ring of fire (left scythe-like blade)
 j - a ring of fire (right scythe-like blade)
 B - an amulet of magic regeneration (around mantle)
 J - a ring of wizardry (on tentacle)
Wands
 t - a wand of flame (9)
 z - a wand of disintegration (8)
 F - a wand of enslavement (10)
 I - a wand of clouds (4)
Scrolls
 g - 2 scrolls of blinking
 i - 3 scrolls of amnesia
 m - 3 scrolls of fog {unknown}
 o - 4 scrolls of remove curse
 p - 4 scrolls of teleportation
 s - a scroll of random uselessness {unknown}
 x - a scroll of fear {unknown}
 y - 2 scrolls of noise {unknown}
 D - a scroll of enchant weapon {unknown}
 K - a scroll of holy word
 M - a scroll of summoning
Potions
 b - 6 potions of curing
 d - a potion of ambrosia {unknown}
 l - 3 potions of invisibility
 q - 2 potions of flight
 r - 2 potions of lignification
 A - a potion of haste
 H - a potion of magic {unknown}
 L - a potion of might
Comestibles
 c - 14 rations


   Skills:
 + Level 3.5 Fighting
 - Level 3.4 Short Blades
 + Level 0.2 Throwing
 + Level 4.5 Dodging
 + Level 8.8 Stealth
 + Level 6.7 Unarmed Combat
 * Level 6.6 Spellcasting
 * Level 7.3 Transmutations
 + Level 0.5 Poison Magic
 + Level 2.5 Evocations


You had 11 spell levels left.
You knew the following spells:

 Your Spells              Type           Power        Failure   Level  Hunger
a - Beastly Appendage     Tmut           ####..       4%          1    None
b - Sticks to Snakes      Tmut           ####....     6%          2    None
c - Spider Form           Tmut/Pois      ###.......   16%         3    ##.....
d - Blade Hands           Tmut           ####......   26%         5    #####..

Your spell library contained the following spells:

 Spells                   Type           Power        Failure   Level  Hunger
 Passwall                 Tmut/Erth      ###.....     12%         2    None
 Sandblast                Erth           #.....       21%         1    None
 Ice Form                 Ice/Tmut       ###.....     34%         4    ####...
 Petrify                  Tmut/Erth      ###.....     34%         4    ####...
 Stone Arrow              Conj/Erth      #.....       41%         3    ##.....
 Lee's Rapid Deconstruct  Erth           #.........   92%         5    #####..


Dungeon Overview and Level Annotations

Branches:
Dungeon (10/15)            Temple (1/1) D:4            Lair (0/6) D:10
    Orc: D:9-12

Altars:
Ashenzari
Cheibriados
Dithmenos
Elyvilon
Fedhas
Gozag
Hepliaklqana
Kikubaaqudgha
Makhleb
Nemelex Xobeh
Okawaru
Qazlal
Ru
Sif Muna
Trog
Uskayaw
Vehumet
Wu Jian
Xom
Yredelemnul
Zin
The Shining One

Shops:
D:4 [   D:8 ?*?}=   D:10 *

Annotations:
D:3 exclusion: downstairs
D:4 Dowan, Duvessa
D:5 exclusion: downstairs
D:7 exclusions: centaur and downstairs
D:8 exclusions: 2 downstairs, hog, human and killer bee
D:10 exclusions: 2 killer bees and troll


Innate Abilities, Weirdness & Mutations

You cannot wear most types of armour.
You are very stealthy in the water. (Stealth+)
You are amphibious.
You can wear up to eight rings at the same time.
You can use your tentacles to constrict eight enemies at once.
Your skin changes colour to match your surroundings (Stealth+).
Your rubbery body absorbs attacks. (AC +1, EV +1)


Message History

You constrict the electric eel.
You kill the electric eel!
You hear a splash.
The electric eel shoots out a bolt of lightning at you!
The bolt of electricity hits you!
Your transformation is almost over.
The wolf bites you.
You barely miss the wolf. You grab the wolf. You constrict the wolf.
The wolf completely misses you. The wolf closely misses you.
You slice the wolf!!
The wolf is almost dead.
You feel yourself speed up.
You constrict the wolf, but do no damage.
The wolf bites you!
* * * LOW HITPOINT WARNING * * *
The wolf bites you!
* * * LOW HITPOINT WARNING * * *
The wolf bites you.
You die...
Your body crumbles into a pile of gold.

#.# #.# ..# ####.# ...#
#....# ...# #....# ...####
########....##########.......
.............................
...########......$...........
...# #..≈..@h.......;..≈ ...#
#..#####....$..≈≈≈≈ ...# #..#
#.≈..≈≈≈≈≈≈≈ ...########.##
#..≈..≈≈≈≈.≈ ............#
#....≈≈≈..≈. ....###+###.#
#..≈≈.≈≈≈.?. ....# #.#
#...≈≈≈≈..>. ....# #.#
#.≈≈.≈≈≈≈... ....# #.#
....≈≈≈≈.≈≈≈


You could see a wolf.

Vanquished Creatures
  A troll (D:10)
  A hippogriff (D:8)
  A wyvern (D:8)
  4 yaks (D:9)
  A hungry ghost (D:5)
  A water moccasin (D:10)
  A soldier ant (D:8)
  An ice beast (D:5)
  2 orc warriors
  A hornet zombie (D:6)
  A sky beast (D:10)
  3 ogres
  2 phantoms (D:8)
  2 centaurs
  A crocodile (D:8)
  3 bullfrogs
  A wyvern zombie (D:8)
  3 scorpions
  5 wights (D:9)
  2 howler monkeys
  3 electric eels
  A centaur zombie (D:9)
  3 crimson imps
  3 jellies
  A quasit (D:9)
  A centaur skeleton (D:9)
  2 bullfrog skeletons
  6 hounds
  3 orc wizards
  5 iguanas
  An orc priest (D:9)
  5 worker ants
  2 hound zombies
  A hound skeleton (D:4)
  A worker ant zombie (D:5)
  12 adders
  6 shadow imps
  3 adder zombies
  2 worms
  2 adder skeletons
  A dart slug (D:2)
  7 leopard geckos
  23 orcs
  5 bats
  5 giant cockroaches
  9 hobgoblins
  6 jackals
  4 kobolds
  5 quokkas
  2 ball pythons
  3 frilled lizards
  4 goblins
  A leopard gecko skeleton (D:5)
  2 quokka skeletons
  A quokka zombie (D:5)
  2 rats
180 creatures vanquished.

Notes
Turn   | Place    | Note
-------+----------+-------------------------------------------
     0 | D:1      | H0rd4k the Octopode Transmuter began the quest for the Orb.
     0 | D:1      | Reached XP level 1. HP: 13/13 MP: 3/3
   270 | D:1      | Reached XP level 2. HP: 18/18 MP: 5/5
   656 | D:1      | Learned a level 2 spell: Sticks to Snakes
   774 | D:2      | Found an iron altar of Okawaru.
  1066 | D:2      | Reached XP level 3. HP: 12/23 MP: 6/6
  1969 | D:2      | Reached XP level 4. HP: 28/28 MP: 5/7
  2580 | D:3      | Learned a level 3 spell: Spider Form
  3029 | D:3      | Reached XP level 5. HP: 29/33 MP: 8/8
  3422 | D:4      | Noticed Duvessa
  3422 | D:4      | Noticed Dowan
  3526 | D:4      | Reached skill level 1 in Stealth
  3624 | D:4      | You fall into a shaft and drop 3 floors!
  3725 | D:7      | Noticed an ogre
  3741 | D:7      | Noticed a centaur
  3990 | D:7      | Reached XP level 6. HP: 27/38 MP: 8/10
  4167 | D:7      | Got a masterwork dagger
  4368 | D:6      | Identified the +7 dagger of Cejuog {vorpal, Str+3 Int+3}
                  | (You found it on level 7 of the Dungeon)
  4403 | D:6      | Reached skill level 2 in Stealth
  4403 | D:6      | Reached skill level 5 in Unarmed Combat
  4570 | D:6      | Reached XP level 7. HP: 24/44 MP: 10/12
  4769 | D:5      | Entered Level 5 of the Dungeon
  4979 | D:5      | Noticed a hungry ghost
  4987 | D:5      | Killed a hungry ghost
  4987 | D:5      | Reached skill level 3 in Stealth
  5055 | D:4      | Reached skill level 1 in Short Blades
  5308 | D:4      | Found a staircase to the Ecumenical Temple.
  5419 | Temple   | Entered the Ecumenical Temple
  5543 | Temple   | Became a worshipper of Gozag Ym Sagoz the Greedy
  5696 | D:4      | Reached XP level 8. HP: 50/50 MP: 13/13
  5699 | D:4      | Found Lonarch's Antique Armour Emporium.
  6061 | D:5      | Reached skill level 4 in Stealth
  6469 | D:5      | Reached skill level 1 in Evocations
  7494 | D:6      | Found a shadowy altar of Dithmenos.
  7649 | D:6      | Found an ancient bone altar of Kikubaaqudgha.
  7650 | D:6      | Found a snail-covered altar of Cheibriados.
  7650 | D:6      | Found a white marble altar of Elyvilon.
  7651 | D:6      | Found a shattered altar of Ashenzari.
  7653 | D:6      | Found a sparkling altar of Nemelex Xobeh.
  7829 | D:7      | Reached skill level 5 in Stealth
  8241 | D:8      | Found Qyn Uqubi's Magic Scroll Shoppe.
  8241 | D:8      | Noticed a hippogriff
  8296 | D:8      | Reached skill level 5 in Transmutations
  8389 | D:8      | Reached XP level 9. HP: 30/55 MP: 14/16
  8562 | D:8      | Found Dubinukim's Assorted Antiques.
  8566 | D:8      | Bought a green potion for 28 gold pieces
  8566 | D:8      | Bought a glass wand for 128 gold pieces
  8566 | D:8      | Bought a shiny peridot ring for 160 gold pieces
  8684 | D:8      | Reached skill level 6 in Stealth
  8770 | D:8      | Found Wad Ped's Magic Scroll Shop.
  8776 | D:8      | Bought a scroll of holy word for 97 gold pieces
  8776 | D:8      | Bought a scroll of blinking for 97 gold pieces
  8851 | D:8      | Found Gurrip's Jewellery Shop.
  9166 | D:8      | Reached skill level 5 in Spellcasting
  9567 | D:8      | Found Hupreopn's Gadget Emporium.
  9677 | D:8      | Learned a level 5 spell: Blade Hands
  9838 | D:8      | Reached skill level 7 in Stealth
  9946 | D:8      | Bought a scroll of summoning for 123 gold pieces
 10355 | D:9      | Found the +5 demon whip "Spellbinder" {antimagic, MR+}
 10368 | D:9      | Reached skill level 8 in Stealth
 10780 | D:9      | Reached XP level 10. HP: 33/63 MP: 17/19
 11762 | D:9      | Found an ornate altar of the Wu Jian Council.
 12063 | D:10     | Entered Level 10 of the Dungeon
 12305 | D:10     | Found Kyiqauti's Serpentskin Sales.
 12795 | D:10     | Found a staircase to the Lair.
 12806 | D:10     | HP: 2/63 [wolf (10)]
 12806 | D:10     | Slain by a wolf

Illustrated notes

Levels and vault maps discovered:
D:1:      dpeg_arrival_triangle_fractal, layout_basic, corner_web_ring
D:2:      layout_basic, minmay_misc_feat_enclosed, minmay_crystal_room,
          okawaru_ov_weapons_minmay
D:3:      layout_basic, serial_park_tiny_1
D:4:      layout_basic, minmay_temple_entry_mist, serial_shops,
          kennysheep_mini_moat, minmay_cupped, uniq_duvessa
D:5:      kennysheep_six_static_rooms, layout_basic, first_ration
D:6:      layout_cave_pools, minitemple, serial_bayou_ford_a, hex_medium,
          grunt_dithmenos_smoke
D:7:      layout_loops_ring
D:8:      layout_basic, serial_shops, shop_fountains, nicolae_shop_waterfront,
          nicolae_shop_crystal, shop, shop, grunt_livestock
D:9:      layout_loops_ring, lemuel_coloured_pillars_altar, st_stairs_13,
          small_statue_intersection, palyth_stone_intersect
D:10:     minmay_bubble_buster, layout_irregular_city, erik_lair_island,
          grunt_decor_arrowhead, guppyfry_shop_venom
Temple:   nicolae_temple_elliptical

Skill      XL: |  1  2  3  4  5  6  7  8  9 10 |
---------------+-------------------------------+-----
Unarmed Combat | 4 5 6 |  6.7
Stealth        | 1 2 3 5 8 |  8.8
Transmutations | 3 4 5 6 7 |  7.3
Spellcasting   | 3 4 6 |  6.6
Dodging        | 3 4 |  4.5
Short Blades   | 1 3 |  3.4
Fighting       | 2 3 |  3.5
Evocations     | 1 2 |  2.5
Throwing       | |  0.2
Poison Magic   | |  0.5

Action                   |  1- 3 |  4- 6 |  7- 9 | 10-12 || total
-------------------------+-------+-------+-------+-------++-------
Melee: Unarmed           |    80 |   113 |    41 |    38 ||   272
       Constrict         |    20 |    26 |    38 |    16 ||   100
       Tentacles         |    10 |    23 |    33 |     8 ||    74
       Punch             |     2 |     3 |     8 |     1 ||    14
       Kick              |     5 |    19 |    17 |    13 ||    54
       Dagger            |       |    15 |   189 |    61 ||   265
Throw: Javelin           |       |       |     3 |       ||     3
 Cast: Beastly Appendage |     4 |    10 |    14 |     9 ||    37
       Spider Form       |       |       |     2 |     5 ||     7
       Blade Hands       |       |       |     2 |     1 ||     3
Evoke: Wand              |       |       |    18 |       ||    18
  Use: Potion            |       |     4 |     2 |     1 ||     7
       Scroll            |       |     4 |     7 |       ||    11
 Stab: Sleeping          |     1 |     1 |    16 |     3 ||    21
       Distracted        |       |       |     2 |     2 ||     4
  Eat: Chunk             |     3 |     8 |     4 |       ||    15
       Ration            |       |       |     5 |     2 ||     7
Armor: Skin              |     6 |    17 |     4 |     5 ||    32
Dodge: Dodged            |    53 |    71 |   109 |    53 ||   286
